 Dungeon Crawl Stone Soup version 0.31-a0-200-gbc41564c69 (webtiles) character file.

Game seed: 5079206564030033176

46 qw the Shooter (level 3, -2/20 HPs)
             Began as a Deep Elf Hunter on June 25, 2023.
             Slain by Robin
             ... wielding a +0 spear
              (3 damage)
             ... on level 2 of the Dungeon.
             The game lasted 00:00:26 (1241 turns).

qw the Shooter (Deep Elf Hunter)                    Turns: 1241, Time: 00:00:26

Health: -2/20      AC:  6    Str: 16    XL:     3   Next: 46%
Magic:  5/5        EV: 11    Int: 13    God:
Gold:   59         SH:  0    Dex: 18    Spells: 2/2 levels left

rFire   . . .        Y - +0 shortbow
rCold   . . .        (shield currently unavailable)
rNeg    + . .        h - +0 ring mail
rPois   .            (no helmet)
rElec   .            (no cloak)
rCorr   .            (no gloves)
SInv    .            n - +0 pair of boots
Will    .....        (no amulet)
Stlth   +            e - +6 ring of strength
HPRegen 0.23/turn    i - ring of positive energy
MPRegen 0.09/turn

%: no passive effects
@: no status effects
A: no striking features
a: no special abilities


You were on level 2 of the Dungeon.
You visited 1 branch of the dungeon, and saw 2 of its levels.

You collected 59 gold pieces.


   Skills:
 - Level 1.5 Fighting
 + Level 7.0 Ranged Weapons
 - Level 2.4 Dodging
 - Level 1.2 Stealth


You had 2 spell levels left.
You didn't know any spells.
Your spell library was empty.

Inventory:

Hand Weapons
 Y - a +0 shortbow (weapon)
Armour
 h - a +0 ring mail (worn)
 n - a +0 pair of boots (worn)
Jewellery
 e - a +6 ring of strength (left hand)
 i - a ring of positive energy (right hand)
Scrolls
 a - a scroll of immolation {unknown}
Potions
 d - a potion of magic {unknown}
 f - a potion of curing
 j - a potion of brilliance {unknown}
 k - a potion of heal wounds {unknown}
 l - a potion of might {unknown}

Dungeon Overview and Level Annotations

Branches:
Dungeon (2/15)

Altars:

Annotations:
D:2 Robin


Message History

You shoot an arrow. The arrow hits the goblin.
The goblin is moderately wounded.
The hobgoblin hits you.
The goblin unwields a +0 sling.
The goblin wields a +0 dagger.
The goblin misses you.
You shoot an arrow. The arrow closely misses the goblin.
The hobgoblin barely misses you. The goblin misses you.
You shoot an arrow. The arrow hits the goblin!
You kill the goblin!
The hobgoblin hits you. Robin throws the goblin at you! The goblin misses you.
You shoot an arrow. The arrow hits the hobgoblin!
You kill the hobgoblin!
The goblin hits you but does no damage.
You shoot an arrow. The arrow closely misses the goblin.
The goblin hits you but does no damage.
You shoot an arrow. The arrow hits the worm.
The worm is moderately wounded.
The goblin hits you but does no damage.
Robin roars a battlecry!
The goblins go into a battle-frenzy!
The worm bites you. The goblin hits you but does no damage.
You shoot an arrow. The arrow hits the worm!
The worm is severely wounded.
Robin hits you from afar with a +0 spear.
The goblin hits you with a +0 dagger.
You shoot an arrow. The arrow hits the worm!
You kill the worm!
Robin hits you from afar with a +0 spear.
The goblin barely misses you.
Your Ranged Weapons skill increases to level 7!
You shoot an arrow. The arrow hits the goblin.
The goblin is heavily wounded.
Robin barely misses you. The goblin misses you.
You shoot an arrow. The arrow barely misses the goblin.
Robin misses you. The goblin closely misses you.
You shoot an arrow. The arrow hits the goblin.
You kill the goblin!
Robin hits you but does no damage.
You shoot an arrow. The arrow barely misses Robin.
Robin hits you from afar with a +0 spear. x2
You die...

###########
#.........# .
#.........# gg
#.........# ...
#.........# ..).
#%<.%.....# .g.).
#........@###.g....
#.......)%)gg#
#.........##.#
#.........# ...
########.## .....
#.# .$.##.# #..
.### . ### .# ..


You could see Robin and a hobgoblin (strong).

Vanquished Creatures
  A worm (D:2)
  2 endoplasms (D:1)
  A giant cockroach (D:1)
  11 goblins
  6 hobgoblins
  2 jackals (D:1)
  A kobold (D:1)
  A quokka (D:1)
  2 ball pythons (D:1)
  4 bats
  3 frilled lizards (D:1)
  3 rats
37 creatures vanquished.

Notes
Turn   | Place    | Note
-------+----------+-------------------------------------------
     0 | D:1      | qw the Deep Elf Hunter began the quest for the Orb.
     0 | D:1      | Reached XP level 1. HP: 12/12 MP: 3/3
     0 | D:1      | 0 ||| qw: Version: 0.3-a-22-g0ed2b0b
     0 | D:1      | 0 ||| qw: Game counter: 5679
     0 | D:1      | 0 ||| qw: Melee chars always use a shield: true
     0 | D:1      | 0 ||| qw: God list: Okawaru
     0 | D:1      | 0 ||| qw: Allow faded altars: false
     0 | D:1      | 0 ||| qw: Do Orc after clearing Dungeon:15 true
     0 | D:1      | 0 ||| qw: Do second Lair branch before Depths: true
     0 | D:1      | 0 ||| qw: Lair rune preference: random
     0 | D:1      | 0 ||| qw: Goals: Normal
     0 | D:1      | 0 ||| PLANNING D:1-11
   212 | D:1      | Reached XP level 2. HP: 10/16 MP: 4/4
   305 | D:1      | Reached skill level 6 in Ranged Weapons
   996 | D:1      | Reached XP level 3. HP: 20/20 MP: 5/5
  1031 | D:1      | Found a faded altar of an unknown god.
  1040 | D:1      | 1040 ||| UPGRADING to +0 ring mail.
  1050 | D:1      | 1050 ||| DROPPING +0 leather armour.
  1051 | D:1      | 1051 ||| UPGRADING to +0 pair of boots.
  1056 | D:1      | 1056 ||| UPGRADING to +6 ring of strength.
  1057 | D:1      | 1057 ||| UPGRADING to ring of positive energy.
  1058 | D:1      | 1058 ||| READING 4 scrolls labelled OBRAAL UNASESM.
  1059 | D:1      | 1059 ||| READING scroll labelled KIJULE OTUPTE.
  1160 | D:1      | 1160 ||| READING scroll labelled ZYTHIC TELETTO.
  1161 | D:1      | 1161 ||| READING scroll labelled QOAFFE DIMUFU.
  1162 | D:1      | 1162 ||| DRINKING 2 bubbling blue potions.
  1163 | D:1      | 1163 ||| DROPPING 3 scrolls of vulnerability.
  1164 | D:1      | 1164 ||| DROPPING scroll of butterflies.
  1216 | D:2      | Noticed Robin
  1217 | D:2      | 1217 ||| Stepping ~*~*~tactically~*~*~ (outnumbered).
  1218 | D:2      | 1218 ||| Stepping ~*~*~tactically~*~*~ (outnumbered).
  1220 | D:2      | 1220 ||| Stepping ~*~*~tactically~*~*~ (outnumbered).
  1235 | D:2      | HP: 5/20 [worm (2)]
  1237 | D:2      | HP: 2/20 [Robin/+0 spear (1)]
  1238 | D:2      | Reached skill level 7 in Ranged Weapons
  1241 | D:2      | Slain by Robin

Levels and vault maps discovered:
D:1:      eino_arrival_water_star, layout_loops_corners,
          hellmonk_ecumenical_altar_heavens_door, chequers_serial_rivers_large_b
D:2:      layout_rooms, corner_web_ring, uniq_robin

Skill      XL: |  1  2  3 |
---------------+----------+-----
Ranged Weapons | 6 7 |  7.0
Fighting       | |  1.5
Dodging        | |  2.4
Stealth        | |  1.2

Action                     || total
---------------------------++-------
   Fire: Shortbow          ||    96
    Use: Scroll            ||     4
         Potion            ||     1
 Armour: Leather armour    ||     5
         Ring mail         ||    11
  Dodge: Dodged            ||    23

Table legend:
 A = Non-vault XP
 B = Vault XP
 C = Vault XP percentage of total XP
 D = Non-vault monster count
 E = Vault monster count
 F = Vault count percentage of total count
                 A         B        C        D         E       F
            +---------+---------+-------+---------+---------+-------
      Total |      51 |      16 |  23.9 |      29 |       8 |  21.6
            +---------+---------+-------+---------+---------+-------
        D:1 |      41 |       0 |   0.0 |      25 |       0 |   0.0
        D:2 |      10 |      16 |  61.5 |       4 |       8 |  66.7
            +---------+---------+-------+---------+---------+-------
